 Dungeon Crawl Stone Soup version 0.30-a0-694-g3340775977 (webtiles) character file.

Game seed: 6575632843449350134

124 Alitron123 the Firebug (level 5, 0/42 HPs)
             Began as a Naga Fire Elementalist on Jan 20, 2023.
             Slain by an ogre
             ... wielding a +0 giant club
              (24 damage)
             ... on level 4 of the Dungeon.
             The game lasted 00:08:01 (3392 turns).

Alitron123 the Firebug (Naga Fire Elementalist)     Turns: 3392, Time: 00:08:02

Health: 0/42       AC:  2    Str:  8 (11) XL:     5   Next: 8%
Magic:  4/9        EV:  9    Int: 13 (17) God:
Gold:   167        SH:  0    Dex:  8 (11) Spells: 4/10 levels left

rFire   + . .      SeeInvis +    z - staff of conjuration
rCold   x . .      Faith    .    (no shield)
rNeg    . . .      Spirit   .    a - +0 robe
rPois   +          Reflect  .    (no helmet)
rElec   .          Harm     .    (no cloak)
rCorr   .          Rampage  .    (no gloves)
Will    .....      Clarity  +    (no barding)
Stlth   ++                       (no amulet)
HPRegen 0.27/turn                g - ring of wizardry
MPRegen 0.11/turn                n - ring of fire

@: brilliant, very slightly contaminated, very slow
A: AC +1, large, see invisible, deformed body, poison resistance, slowness 2,
spit poison 1, naga tail 1, stinger 1, clarity, deterioration 1
a: Spit Poison


You were on level 4 of the Dungeon.
You visited 1 branch of the dungeon, and saw 4 of its levels.

You collected 167 gold pieces.

Inventory:

Hand Weapons
 k - a +2 hand axe of freezing
 o - a +1 dagger of freezing
 w - a +1 rapier of draining
Armour
 a - a +0 robe (worn)
Magical Staves
 z - a staff of conjuration (weapon)
Jewellery
 g - a ring of wizardry (left hand)
 l - a +5 ring of evasion
 n - a ring of fire (right hand)
 s - a ring of resist corrosion
 x - a ring of ice
 y - a ring of positive energy
Wands
 b - a wand of flame (9)
Scrolls
 f - a scroll of fear
 h - a scroll of summoning
 i - 3 scrolls of enchant weapon
 m - a scroll of teleportation
 v - a scroll of poison
 B - a scroll of immolation
Potions
 c - a potion of haste
 j - a potion of heal wounds
 p - 2 potions of lignification
 q - a potion of might


   Skills:
 + Level 1.8 Dodging
 - Level 3.0 Stealth
 - Level 0.2 Unarmed Combat
 + Level 3.0 Spellcasting
 * Level 2.2 Conjurations
 + Level 4.2 Fire Magic


You had 4 spell levels left.
You knew the following spells:

 Your Spells              Type           Power      Damage    Failure   Level
a - Foxfire               Conj/Fire      100%       2x1d9     2%          1
b - Scorch                Fire           58%        2d8       2%          2
c - Inner Flame           Hex/Fire       16%        N/A       12%         3

Your spell library contained the following spells:

 Spells                   Type           Power      Damage    Failure   Level
 Kindle Blastsparks       Fire/Tloc/Air  24%        2d12      16%         3
 Flame Wave               Conj/Fire      35%        2d10      24%         4
 Tukima's Dance           Hex            2%         N/A       26%         3
 Passage of Golubria      Tloc           2%         N/A       63%         4
 Yara's Violent Unravell  Hex/Tmut       1%         3d3       91%         5


Dungeon Overview and Level Annotations

Branches:
Dungeon (4/15)
 Temple: D:4-7

Altars:
Hepliaklqana

Shops:
D:1 *


Innate Abilities, Weirdness & Mutations

Your serpentine skin is tough. (AC +1)
You have supernaturally acute eyesight. (SInv)
Armour fits poorly on your strangely shaped body.
Your system is resistant to poisons. (rPois)
You cover ground very slowly.
You can spit poison.
You have a snake-like lower body.
Your tail ends in a venomous barb.
You possess an exceptional clarity of mind.
Your body sometimes deteriorates upon taking damage.


Message History

The ogre shouts!
The hound moves out of view.
Casting: Scorch (safe; 2% risk of failure)
Confirm with . or Enter, or press ? or * to list all spells.
You feel a huge surge of power!
You conjure some foxfire!
Casting: Foxfire (safe; 2% risk of failure)
Confirm with . or Enter, or press ? or * to list all spells.
You feel a strong surge of power!
Flames lash the ogre.
The ogre is moderately wounded.
The ogre's fire resistance burns away.
You hear a bark!
The foxfire hits the ogre but does no damage.
The ogre is moderately wounded.
A quokka comes into view.
Hit: z) staff of conjuration
Press: ? - help, Dir - move target, f - you
Okay, then.
A quokka is nearby!
A quokka is nearby!
Casting: Scorch (safe; 2% risk of failure)
Confirm with . or Enter, or press ? or * to list all spells.
You feel a strong surge of power!
You miscast Scorch.
You are very lightly contaminated with residual magic.
Nothing appears to happen.
Your foxfire dissipates!
The ogre hits you with a +0 giant club!!
Your body deteriorates!
You feel dopey.
Casting: Scorch (safe; 2% risk of failure)
Confirm with . or Enter, or press ? or * to list all spells.
You feel a strong surge of power!
Flames lash the quokka.
You kill the quokka!
The hound barks!
Casting: Scorch (safe; 2% risk of failure)
Confirm with . or Enter, or press ? or * to list all spells.
You feel a strong surge of power!
Flames lash the ogre.
The ogre is burned terribly!
The ogre is severely wounded.
The ogre hits you with a +0 giant club!!
Ouch! That really hurt!
You die...

#.........P#.#
#............#
#..#....<#####
..........##
####......#
##..#....##
#..##.^...#
#..♣♣♣♣♣♣.#
#.@.......#
#O#♣♣♣♣♣♣## #.
h. #.. ..# ###


You could see an ogre (combustible) and a hound.

Vanquished Creatures
  Ijyb (D:4)
  2 adders
  A worm (D:3)
  2 dart slugs (D:1)
  5 orcs (D:3)
  3 ball pythons
  6 bats
  12 endoplasms
  A giant cockroach (D:1)
  8 goblins
  4 hobgoblins
  5 jackals
  3 quokkas
  3 frilled lizards
  2 kobolds (D:2)
  3 rats
  A spectral orc (D:3)
62 creatures vanquished.

Vanquished Creatures (collateral kills)
  A foxfire (D:4)
1 creature vanquished.

Vanquished Creatures (others)
  89 foxfires
  12 plants (D:4)
101 creatures vanquished.

Grand Total: 164 creatures vanquished

Notes
Turn   | Place    | Note
-------+----------+-------------------------------------------
     0 | D:1      | Alitron123 the Naga Fire Elementalist began the quest for
                  | the Orb.
     0 | D:1      | Reached XP level 1. HP: 15/15 MP: 3/3
   108 | D:1      | Reached XP level 2. HP: 15/22 MP: 1/5
   258 | D:1      | Found a faded altar of an unknown god.
   277 | D:1      | Learned a level 2 spell: Scorch
   857 | D:1      | Reached XP level 3. HP: 18/28 MP: 0/6
  1195 | D:1      | Found Fah Xoig's Assorted Antiques.
  1326 | D:2      | Learned a level 3 spell: Inner Flame
  2174 | D:3      | Reached XP level 4. HP: 36/36 MP: 2/7
  2443 | D:3      | Reached skill level 4 in Fire Magic
  2900 | D:3      | Found a hazy altar of Hepliaklqana.
  3139 | D:4      | Noticed Ijyb
  3154 | D:4      | Killed Ijyb
  3156 | D:4      | Reached XP level 5. HP: 4/42 MP: 1/9
  3329 | D:3      | Gained mutation: Your body sometimes deteriorates upon
                  | taking damage. [potion of mutation]
  3329 | D:3      | Gained mutation: Your tail ends in a venomous barb. [potion
                  | of mutation]
  3329 | D:3      | Gained mutation: You possess an exceptional clarity of
                  | mind. [potion of mutation]
  3386 | D:4      | Noticed an ogre
  3392 | D:4      | Slain by an ogre

Illustrated notes

Levels and vault maps discovered:
D:1:      dpeg_arrival_erosion, layout_loops_ring,
          hellmonk_ecumenical_altar_run_dry, serial_shops,
          nicolae_shop_hallway_stairs, minmay_tall_x
D:2:      layout_basic
D:3:      layout_loops_ring, nicolae_hepliaklqana_monster_ancestors
D:4:      kennysheep_slugbush, layout_rooms, dreamdust_divine_triumvirate,
          gammafunk_temple_overflow_pools, minitemple, minmay_temple_entry_hall,
          enter_ossuary_4, serial_forest, infiniplex_forest_clump_diagonal,
          infiniplex_forest_straight_2, infiniplex_forest_lined_4_way,
          infiniplex_forest_clump_long, infiniplex_forest_clump_curved,
          infiniplex_forest_clump_long, infiniplex_forest_clump_cross,
          kennysheep_potato, uniq_blork_the_orc, uniq_ijyb

Skill      XL: |  1  2  3  4 |
---------------+-------------+-----
Fire Magic     | 4 |  4.2
Conjurations   | 2 |  2.2
Spellcasting   | 3 |  3.0
Dodging        | |  1.8
Stealth        | |  3.0
Unarmed Combat | |  0.2

Action                   |  1- 3 |  4- 6 || total
-------------------------+-------+-------++-------
Melee: Unarmed           |    33 |       ||    33
       Dagger            |     1 |     1 ||     2
       Staff             |       |     3 ||     3
 Cast: Foxfire           |    38 |    15 ||    53
       Scorch            |    18 |    16 ||    34
  Use: Potion            |       |    10 ||    10
       Scroll            |       |     6 ||     6
 Stab: Sleeping          |       |     1 ||     1
Armor: Robe              |    26 |     2 ||    28
Dodge: Dodged            |    49 |     5 ||    54

Table legend: (Time is in decaauts)
 A = Elapsed time spent in this place.
 B = Non-inter-level travel time spent in this place.
 C = Inter-level travel time spent in this place.
 D = Time resting spent in this place.
 E = Time spent auto-exploring this place.
 F = Levels seen in this place.
 G = Mean time per level.
                   A        B        C        D        E       F      G
               +--------+--------+--------+--------+--------+-----+--------+
         Total |   4161 |   4096 |     65 |      0 |   3520 |   4 | 1040.2 |
       Dungeon |   4161 |   4096 |     65 |      0 |   3520 |   4 | 1040.2 |
               +--------+--------+--------+--------+--------+-----+--------+

Top non-repeatable levels by time:
     D:1: 1492 daAuts
     D:3: 1258 daAuts
     D:2: 1205 daAuts
     D:4: 204 daAuts
